Map: Dash and Terminal LE (Void)

Players

wabbajack

  • Race: Terran Terran
  • League: Grandmaster

MoonLjth - Winner!

  • Race: Protoss Protoss
  • League: Grandmaster

VOD

Have the link to the VOD?

Description

Time

  • Played on: July 14, 2015, 11:19 a.m.
  • Length: 4:27
Show
View Real Time Build Order
Export as new Build Order

wabbajack Terran 

Build Orders:  

Get SALT Encoding   

  12  0:01  SCV  
  13  0:13  SCV  
  14  0:23  Supply Depot  
  14  0:25  SCV  
  15  0:35  Refinery  
  15  0:45  SCV  
  15  0:47  Barracks  
  16  0:57  SCV  
  17  1:09  SCV  
  18  1:21  SCV  
  19  1:29  Command Center  
  19  1:40  Orbital Command  
  19  1:44  Barracks Tech Lab  
  19  2:05  Combat Shields  
  19  2:07  Marine  
  20  2:15  Barracks  
  20  2:17  Barracks  
  20  2:23  Supply Depot  
  20  2:27  SCV  
  21  2:38  Marine  
  21  2:44  Orbital Command  
  22  2:52  SCV  
  22  2:56  Marine  
  24  3:03  Marine  
  24  3:04  Marine  
  26  3:07  SCV  
  26  3:10  SCV  
  28  3:14  Marine  
  28  3:19  SCV  
  30  3:21  Marine  
  30  3:22  Marine  
  32  3:29  Factory  
  32  3:31  SCV  
Show
View Real Time Build Order
Export as new Build Order

MoonLjth Protoss - Winner!

Build Orders: Oracle Opening 

Get SALT Encoding   

  12  0:01  Probe  
  13  0:19  Pylon  
  13  0:20  Probe  
  14  0:37  Probe (Chrono Boost)  
  14  0:42  Gateway  
  15  0:48  Assimilator  
  15  0:49  Probe (Chrono Boost)  
  16  0:51  Assimilator  
  17  0:57  Probe (Chrono Boost)  
  17  1:06  Probe (Chrono Boost)  
  17  1:11  Pylon  
  18  1:18  Probe (Chrono Boost)  
  19  1:24  Probe (Chrono Boost)  
  20  1:30  Cybernetics Core  
  20  1:35  Probe (Chrono Boost)  
  21  1:47  Probe (Chrono Boost)  
  24  1:53  Probe (Chrono Boost)  
  23  2:10  Nexus  
  23  2:14  Stalker (Chrono Boost)  
  25  2:25  Stargate  
  25  2:27  Warp Gate  
  25  2:35  Mothership Core (Chrono Boost)  
  27  2:43  Pylon  
  27  2:54  Pylon  
  27  2:56  Probe (Chrono Boost)  
  28  3:02  Stalker  
  31  3:06  Probe (Chrono Boost)  
  31  3:11  Oracle (Chrono Boost)  
  34  3:14  Probe  
  35  3:26  Probe  
  36  3:27  Probe  
  36  3:33  Robotics Facility  
  37  3:38  Probe  
  38  3:43  Probe  
  39  3:51  Probe  
  39  3:52  Stalker  
  42  4:07  Probe (Chrono Boost), Assimilator  
  42  4:08  Assimilator  
  44  4:10  Probe (Chrono Boost)  
  44  4:15  Probe (Chrono Boost)  
Tags
 
Add a new tag
Caveats
  • Supply blocks, unpowered buildings, or Contaminate may cause inaccurate times.
  • Supply counts are checked every 10 seconds.